 Dungeon Sprint DCSS version 0.31-a0-1074-g0b22e4e0f1 (webtiles) character file.

Game seed: 7853928456100245755

1899 tbh1313 the Bludgeoner (level 9, -1/84 HPs)
             Began as an Ogre Berserker on Nov 28, 2023.
             Was a Priest of Trog.
             Slain by a centaur warrior (12 damage)
             ... in the Dungeon (Sprint I: "Red Sonja").
             The game lasted 00:02:40 (655 turns).

tbh1313 the Bludgeoner (Ogre Berserker)              Turns: 655, Time: 00:02:41

Health: -1/84      AC:  4    Str: 27    XL:     9   Next: 15%
Magic:  9/9        EV: 10    Int:  8    God:    Trog [***...]
Gold:   367        SH:  0    Dex:  8    Spells: 8/8 levels left

rFire   . . .        a - +0 giant spiked club
rCold   . . .        (shield currently unavailable)
rNeg    . . .        k - +1 robe {Will+}
rPois   .            (helmet restricted)
rElec   .            (no cloak)
rCorr   .            (gloves unavailable)
SInv    .            (boots unavailable)
Will    +....        (no amulet)
Stlth   +            (no ring)
HPRegen 0.34/turn    (no ring)
MPRegen 0.11/turn

%: no teleportation
@: no status effects
A: large, unfitting armour, tough skin 1
a: Renounce Religion, Berserk, Trog's Hand


You were in the Dungeon.
You worshipped Trog.
Trog was most pleased with you.
You visited 1 branch You collected 436 gold pieces.
You spent 69 gold pieces at shops.

Inventory:

Hand Weapons
 a - a +0 giant spiked club (weapon)
Armour
 k - a +1 robe of willpower (worn)
Wands
 i - a wand of mindburst (13)
Scrolls
 h - a scroll of blinking
 m - a scroll of fog
Potions
 c - a potion of curing
 e - a potion of haste
 f - 2 potions of magic
 g - a potion of berserk rage


   Skills:
 - Level 4.0 Fighting
 + Level 18.1 Maces & Flails
 - Level 2.6 Dodging


You had 8 spell levels left.
You didn't know any spells.
Your spell library was empty.

Dungeon Overview and Level Annotations

Branches:
Dungeon (1/1)

Altars:
Cheibriados
Dithmenos
Elyvilon
Fedhas
Gozag
Hepliaklqana
Kikubaaqudgha
Makhleb
Nemelex Xobeh
Okawaru
Qazlal
Ru
Sif Muna
Trog
Uskayaw
Vehumet
Wu Jian
Xom
Yredelemnul
Zin
The Shining One
Jiyva
Lugonu

Shops:
D *


Innate Abilities, Weirdness & Mutations

You are too large for most types of armour.
You have tough skin. (AC +1)


Message History

The centaur warrior shouts!
The centaur warrior wields a +0 shortbow.
The centaur warrior shoots an arrow.
The arrow hits you!
Found a plate armour.
What are your orders? t - Shout!
Orders for allies: a - Attack new target. r - Retreat! s - Stop attacking. g - Guard the area. f - Follow me.
Anything else - Cancel.
You shout for attention!
You hear a shout!
You close the door.
A centaur warrior breaks down the door.
You stick the centaur warrior like a pincushion!!!
The centaur warrior is severely wounded.
The centaur warrior unwields a +0 shortbow.
The centaur warrior hits you! The centaur warrior kicks you.
You puncture the centaur warrior!
The centaur warrior is almost dead.
The centaur warrior wields a +0 shortbow.
The centaur warrior shoots an arrow.
The arrow hits you!!
You puncture the centaur warrior!
You kill the centaur warrior!
Trog accepts your kill.
The centaur warrior shoots an arrow.
The arrow hits you!
* * * LOW HITPOINT WARNING * * *
Your Maces & Flails skill gained 2 levels and is now at level 18!
You have reached level 9!
Your experience leads to an increase in your attributes!
Increase (s)trength, (i)ntelligence, or (d)exterity?
You feel stronger. x3
You feel much better.
The centaur warrior shoots an arrow.
The arrow hits you!
The centaur warrior unwields a +0 shortbow.
The centaur warrior closely misses you. The centaur warrior kicks you.
The centaur warrior hits you!
* * * LOW HITPOINT WARNING * * *
The centaur warrior kicks you but does no damage.
There is a broken door, spattered with blood here.
You closely miss the centaur warrior. The centaur warrior hits you!
You die...

##########################
#<.#..†..#..'..#__#..')..#
#..').#..').#..'..'..#)..#
#..#####'#####'#__####...+
#..####..#...#.####§§#####
#..#__####..##.#§§§§§#
#..#_____##'#_)@c§§§§+
#⌠⌠#_.∩...÷..._#§~~§.#
####_..__##_.#'##+####
#_____###+#.# ####### ###


You could see a centaur warrior.

Levels and vault maps discovered:
D:        dungeon_sprint_1 [red_sonja_temple_1, red_sonja_temple_small_1]

Notes
Turn   | Place    | Note
-------+----------+-------------------------------------------
     0 | D        | tbh1313 the Ogre Berserker began the quest for the Orb.
     0 | D        | Reached XP level 1. HP: 24/24 MP: 1/1
     1 | D        | Noticed Ijyb
    13 | D        | Killed Ijyb
    14 | D        | Reached skill level 5 in Maces & Flails
    14 | D        | Reached XP level 2. HP: 12/32 MP: 2/2
    14 | D        | Reached XP level 3. HP: 15/39 MP: 3/3
   115 | D        | Noticed an ogre
   120 | D        | Killed an ogre
   121 | D        | Reached skill level 8 in Maces & Flails
   121 | D        | Reached XP level 4. HP: 48/48 MP: 4/4
   161 | D        | Noticed Sigmund
   172 | D        | Killed Sigmund
   172 | D        | Reached ** piety under Trog
   173 | D        | Reached skill level 11 in Maces & Flails
   173 | D        | Reached XP level 5. HP: 54/54 MP: 1/5
   173 | D        | Reached XP level 6. HP: 62/62 MP: 1/6
   223 | D        | Found an ornate altar of the Wu Jian Council.
   223 | D        | Found a shimmering blue altar of Sif Muna.
   225 | D        | Found a radiant altar of Vehumet.
   229 | D        | Reached skill level 12 in Maces & Flails
   251 | D        | Found Dupsue Tygro's Assorted Antiques.
   251 | D        | Found an ancient bone altar of Kikubaaqudgha.
   251 | D        | Found a hazy altar of Hepliaklqana.
   251 | D        | Found a stormy altar of Qazlal.
   251 | D        | Found a hide-covered altar of Uskayaw.
   251 | D        | Found a blossoming altar of Fedhas.
   251 | D        | Found a bloodstained altar of Trog.
   251 | D        | Found an iron altar of Okawaru.
   251 | D        | Found a basalt altar of Yredelemnul.
   251 | D        | Found a glowing golden altar of the Shining One.
   251 | D        | Found a snail-covered altar of Cheibriados.
   251 | D        | Found a sacrificial altar of Ru.
   251 | D        | Found a glowing silver altar of Zin.
   251 | D        | Found a shadowy altar of Dithmenos.
   251 | D        | Found a white marble altar of Elyvilon.
   251 | D        | Noticed a yak
   257 | D        | Killed a yak
   258 | D        | Reached skill level 13 in Maces & Flails
   258 | D        | Reached XP level 7. HP: 70/70 MP: 7/7
   286 | D        | Found an opulent altar of Gozag.
   287 | D        | Found a sparkling altar of Nemelex Xobeh.
   291 | D        | Bought a scroll labelled AHEPLO SAWKOZ for 23 gold pieces
   291 | D        | Bought 2 scrolls labelled SOGAYGAUQA for 46 gold pieces
   346 | D        | Found a viscous altar of Jiyva.
   346 | D        | Found a corrupted altar of Lugonu.
   346 | D        | Noticed a slime creature
   347 | D        | Found a burning altar of Makhleb.
   347 | D        | Found a shimmering altar of Xom.
   356 | D        | Killed a slime creature
   357 | D        | Reached skill level 14 in Maces & Flails
   511 | D        | Noticed a kobold demonologist
   511 | D        | Noticed a glass eye
   511 | D        | Noticed a kobold demonologist
   518 | D        | Noticed a sixfirhy
   520 | D        | Killed a glass eye
   521 | D        | Reached skill level 15 in Maces & Flails
   527 | D        | Killed a kobold demonologist
   527 | D        | Reached *** piety under Trog
   528 | D        | Reached skill level 16 in Maces & Flails
   528 | D        | Reached XP level 8. HP: 63/78 MP: 8/8
   532 | D        | Killed a kobold demonologist
   646 | D        | Noticed a centaur warrior
   646 | D        | Noticed a centaur warrior
   652 | D        | Killed a centaur warrior
   653 | D        | Reached skill level 18 in Maces & Flails
   653 | D        | Reached XP level 9. HP: 13/84 MP: 9/9
   655 | D        | Slain by a centaur warrior

Table legend: (Time is in decaauts)
 A = Elapsed time spent in this place.
 B = Non-inter-level travel time spent in this place.
 C = Inter-level travel time spent in this place.
 D = Time resting spent in this place.
 E = Time spent auto-exploring this place.
 F = Levels seen in this place.
 G = Mean time per level.
                   A        B        C        D        E       F      G
               +--------+--------+--------+--------+--------+-----+--------+
         Total |    695 |    695 |      0 |    508 |      0 |   1 |  695.0 |
       Dungeon |    695 |    695 |      0 |    508 |      0 |   1 |  695.0 |
               +--------+--------+--------+--------+--------+-----+--------+

Top non-repeatable levels by time:
       D: 695 daAuts

Table legend:
 A = Kills in this place as a percentage of kills in the entire game.
 B = Kills by you in this place as a percentage of kills by you in the entire game.
 C = Kills by friends in this place as a percentage of kills by friends in the entire game.
 D = Other kills in this place as a percentage of other kills in the entire game.
 E = Experience gained in this place as a percentage of experience gained in the entire game.
 F = Experience gained in this place divided by the number of levels of this place that you have seen.
                   A       B       C       D       E      F
               +-------+-------+-------+-------+-------+----------------------
         Total | 100.0 | 100.0 |   N/A |   N/A | 100.0 | 2714.0
       Dungeon | 100.0 | 100.0 |   N/A |   N/A | 100.0 | 2714.0
               +-------+-------+-------+-------+-------+----------------------

Action                     |  1- 3 |  4- 6 |  7- 9 || total
---------------------------+-------+-------+-------++-------
  Melee: Mace              |    14 |    16 |    27 ||    57
         Giant spiked club |       |       |     4 ||     4
 Invoke: Berserk           |     2 |     2 |     2 ||     6
         Trog's Hand       |       |       |     1 ||     1
    Use: Scroll            |       |       |     3 ||     3
         Potion            |       |       |     1 ||     1
 Armour: Animal skin       |     3 |     5 |    15 ||    23
         Robe              |       |       |    10 ||    10
  Dodge: Dodged            |     4 |     3 |     2 ||     9

Vanquished Creatures
  A centaur warrior (D)
  2 kobold demonologists (D)
  A glass eye (D)
  Sigmund (D)
  A slime creature (D)
  A yak (D)
  An ogre (D)
  A jelly (D)
  Ijyb (D)
10 creatures vanquished.
